General information
- name: BNet
- type: Ladder team game (AT/RT)
- host: Battle.net
- saver: FATNlGGERS
map: Mur'gulOasis
- players: 8
- length: 21:09
- speed: Fast
- version: 1.26 W3XP
- replay type: Public
» download(153 KB)
Players
team 1 (loser)
orcing2 (
orange | 69 APM | 1382 actions | 19:59)
6 Blademaster
3 Critical Strike
2 Wind Walk
1 Bladestorm
» actions
| Assign group hotkey | 109 | |
| Basic commands | 25 | |
| Build / train | 61 | |
| ESC pressed | 6 | |
| Enter build submenu | 27 | |
| Enter hero's abilities submenu | 6 | |
| Give item / drop item | 4 | |
| Right click | 507 | |
| Select / deselect | 298 | |
| Select group hotkey | 193 | |
| Use ability | 146 | |
1382 total
» units
» upgrades
| Pillage | 1 | |
| Ensnare | 1 | |
| Melee Weapons | 2 | |
| Armor | 1 | |
5 total
» buildings
| Altar of Storms | 1 | |
| Orc Burrow | 8 | |
| Barracks | 1 | |
| Voodoo Lounge | 1 | |
| Stronghold | 1 | |
| War Mill | 1 | |
| Beastiary | 3 | |
| Watch Tower | 8 | |
| Fortress | 3 | |
| Great Hall | 1 | |
28 total
» build order
00:07 Altar of Storms
00:18 Orc Burrow
00:52 Barracks
01:32 Orc Burrow
02:04 Voodoo Lounge
03:01 Stronghold
04:12 War Mill
05:15 Orc Burrow
05:26 Beastiary
05:27 Beastiary
05:28 Beastiary
06:35 Orc Burrow
07:02 Watch Tower
10:02 Watch Tower
12:15 Watch Tower
12:17 Watch Tower
13:11 Watch Tower
13:39 Orc Burrow
13:41 Orc Burrow
14:17 Fortress
14:17 Fortress
15:36 Watch Tower
17:17 Great Hall
17:19 Watch Tower
17:20 Watch Tower
17:43 Orc Burrow
17:47 Orc Burrow
» items
| Healing Salve | 6 | |
| Potion of Healing | 1 | |
| Scroll of Speed | 1 | |
| Scroll of Town Portal | 1 | |
9 total
denix (
blue | 97 APM | 1987 actions | 20:33)
4 Far Seer
2 Feral Spirit
2 Chain Lighting
3 Tauren Chieftain
2 Shockwave
1 Endurance Aura
1 Shadow Hunter
1 Healing Wave
» actions
| Assign group hotkey | 37 | |
| Basic commands | 201 | |
| Build / train | 105 | |
| ESC pressed | 1 | |
| Enter build submenu | 12 | |
| Enter hero's abilities submenu | 8 | |
| Give item / drop item | 2 | |
| Remove unit from queue | 1 | |
| Right click | 982 | |
| Select / deselect | 280 | |
| Select group hotkey | 255 | |
| Use ability | 102 | |
1987 total
» units
» upgrades
| Berserker Strength | 1 | |
| Ensnare | 1 | |
| War Drums Damage Increase | 1 | |
| Pillage | 1 | |
4 total
» buildings
| Altar of Storms | 1 | |
| Orc Burrow | 5 | |
| Barracks | 1 | |
| Stronghold | 5 | |
| Voodoo Lounge | 1 | |
| Beastiary | 1 | |
| War Mill | 1 | |
| Fortress | 2 | |
| Great Hall | 1 | |
18 total
» build order
00:06 Altar of Storms
00:14 Orc Burrow
00:16 Orc Burrow
00:37 Barracks
01:28 Orc Burrow
02:44 Stronghold
02:44 Stronghold
02:44 Stronghold
03:21 Voodoo Lounge
03:33 Orc Burrow
06:43 Beastiary
06:45 Orc Burrow
08:22 War Mill
12:13 Fortress
12:14 Fortress
17:40 Great Hall
» items
| Healing Salve | 5 | |
| Scroll of Speed | 5 | |
| Lesser Clarity Potion | 14 | |
| Boots of Speed | 1 | |
| Scroll of Town Portal | 1 | |
| Scroll of Protection | 1 | |
| Scroll of Healing | 3 | |
30 total
FATNlGGERS (
yellow | 77 APM | 1633 actions | 21:09)
5 Mountain King
3 Storm Bolt
2 Bash
» actions
| Assign group hotkey | 110 | |
| Basic commands | 75 | |
| Build / train | 132 | |
| ESC pressed | 1 | |
| Enter build submenu | 33 | |
| Enter hero's abilities submenu | 5 | |
| Give item / drop item | 6 | |
| Right click | 563 | |
| Select / deselect | 217 | |
| Select group hotkey | 406 | |
| Use ability | 85 | |
1633 total
» units
| Peasant | 21 | |
| Footman | 6 | |
| Dragonhawk Rider | 1 | |
| Gryphon Rider | 4 | |
32 total
» upgrades
| Swords | 3 | |
| Armor | 3 | |
| Masonry | 3 | |
| Animal War Training | 1 | |
| Storm Hammers | 1 | |
| Cloud | 1 | |
12 total
» buildings
| Altar of Kings | 1 | |
| Barracks | 1 | |
| Farm | 9 | |
| Lumber Mill | 1 | |
| Arcane Vault | 1 | |
| Blacksmith | 1 | |
| Keep | 3 | |
| Scout Tower | 17 | |
| Castle | 3 | |
| Gryphon Aviary | 2 | |
| Guard Tower | 48 | |
| Town Hall | 1 | |
88 total
» build order
00:53 Altar of Kings
00:55 Barracks
00:58 Farm
01:06 Farm
01:19 Farm
01:40 Farm
02:15 Lumber Mill
02:17 Farm
02:23 Arcane Vault
03:06 Blacksmith
04:28 Keep
04:28 Keep
06:19 Scout Tower
06:20 Scout Tower
07:14 Castle
07:14 Castle
07:14 Castle
07:22 Gryphon Aviary
07:26 Gryphon Aviary
08:27 Scout Tower
08:28 Guard Tower
08:29 Guard Tower
08:29 Guard Tower
08:31 Scout Tower
08:36 Farm
08:41 Farm
09:02 Guard Tower
09:02 Guard Tower
09:41 Guard Tower
10:44 Farm
10:45 Farm
11:45 Town Hall
11:47 Scout Tower
11:48 Scout Tower
11:49 Scout Tower
11:51 Scout Tower
12:19 Guard Tower
12:19 Guard Tower
12:19 Guard Tower
12:37 Guard Tower
12:37 Guard Tower
12:38 Guard Tower
12:38 Guard Tower
12:38 Guard Tower
12:40 Scout Tower
12:41 Scout Tower
13:08 Guard Tower
13:08 Guard Tower
13:08 Guard Tower
13:17 Scout Tower
13:18 Scout Tower
13:21 Scout Tower
13:22 Scout Tower
13:23 Scout Tower
13:24 Scout Tower
13:25 Scout Tower
13:29 Guard Tower
13:29 Guard Tower
13:30 Guard Tower
13:54 Guard Tower
13:54 Guard Tower
13:55 Guard Tower
13:55 Guard Tower
13:56 Guard Tower
13:56 Guard Tower
13:56 Guard Tower
14:19 Guard Tower
14:20 Guard Tower
14:21 Guard Tower
14:21 Guard Tower
15:47 Guard Tower
15:47 Guard Tower
15:47 Guard Tower
» items
| Staff of Teleportation | 1 | |
| Scroll of Regeneration | 5 | |
| Lesser Clarity Potion | 1 | |
| Healing Salve | 2 | |
| Orb of Lightning | 1 | |
| Tiny Great Hall | 1 | |
11 total
AKA-PRO-G00K (
pink | 59 APM | 1245 actions | 21:08)
5 Blademaster
3 Wind Walk
2 Critical Strike
» actions
| Assign group hotkey | 28 | |
| Basic commands | 78 | |
| Build / train | 43 | |
| Enter build submenu | 11 | |
| Enter hero's abilities submenu | 5 | |
| Give item / drop item | 1 | |
| Right click | 508 | |
| Select / deselect | 139 | |
| Select group hotkey | 365 | |
| Use ability | 67 | |
1245 total
» units
» upgrades
| Reinforced Defenses | 1 | |
| Envenomed Spears | 1 | |
| Ranged Weapons | 2 | |
| Armor | 2 | |
6 total
» buildings
| Altar of Storms | 1 | |
| Orc Burrow | 5 | |
| Voodoo Lounge | 1 | |
| Stronghold | 1 | |
| War Mill | 1 | |
| Watch Tower | 6 | |
| Fortress | 2 | |
| Beastiary | 3 | |
20 total
» build order
00:07 Altar of Storms
00:21 Orc Burrow
00:42 Voodoo Lounge
02:06 Stronghold
02:33 War Mill
02:51 Orc Burrow
02:52 Orc Burrow
02:53 Orc Burrow
04:04 Watch Tower
04:05 Watch Tower
04:31 Fortress
04:31 Fortress
04:55 Watch Tower
04:55 Watch Tower
04:56 Watch Tower
04:56 Watch Tower
05:40 Beastiary
07:46 Beastiary
10:10 Beastiary
15:04 Orc Burrow
» items
| Healing Salve | 2 | |
| Lesser Clarity Potion | 3 | |
| Staff of Teleportation | 1 | |
| Orb of Lightning | 1 | |
| Potion of Healing | 1 | |
| Tiny Great Hall | 1 | |
9 total
team 2 (winner)
Darkness917 (
green | 74 APM | 950 actions | 12:51)
4 Archmage
2 Summon Water Elemental
2 Brilliance Aura
2 Mountain King
1 Storm Bolt
1 Bash
» actions
| Build / train | 51 | |
| Enter build submenu | 18 | |
| Enter hero's abilities submenu | 6 | |
| Give item / drop item | 2 | |
| Right click | 500 | |
| Select / deselect | 307 | |
| Use ability | 66 | |
950 total
» units
| Peasant | 11 | |
| Rifleman | 6 | |
| Priest | 2 | |
| Sorceress | 4 | |
| Knight | 2 | |
25 total
» upgrades
| Armor | 1 | |
| Gunpowder | 1 | |
| Long Rifles | 1 | |
| Sorceress Training | 1 | |
| Priest Training | 1 | |
| Animal War Training | 1 | |
6 total
» buildings
| Altar of Kings | 1 | |
| Barracks | 2 | |
| Farm | 8 | |
| Blacksmith | 1 | |
| Scout Tower | 1 | |
| Arcane Tower | 2 | |
| Arcane Vault | 1 | |
| Keep | 1 | |
| Arcane Sanctum | 2 | |
| Lumber Mill | 1 | |
| Castle | 3 | |
23 total
» build order
00:20 Altar of Kings
00:27 Barracks
00:33 Farm
01:24 Blacksmith
01:38 Farm
02:14 Farm
02:22 Scout Tower
02:47 Farm
02:50 Arcane Tower
03:33 Arcane Vault
04:34 Keep
04:42 Farm
05:29 Farm
07:05 Arcane Sanctum
07:06 Arcane Sanctum
07:23 Lumber Mill
09:44 Castle
09:44 Castle
09:45 Castle
10:12 Barracks
12:34 Farm
12:36 Farm
» items
| Scroll of Regeneration | 2 | |
| Lesser Clarity Potion | 1 | |
3 total

»
lok0_0 (
red | 72 APM | 927 actions | 12:51)
3 Death Knight
2 Death Coil
1 Unholy Aura
» actions
| Assign group hotkey | 12 | |
| Basic commands | 3 | |
| Build / train | 31 | |
| Enter build submenu | 14 | |
| Enter hero's abilities submenu | 3 | |
| Give item / drop item | 1 | |
| Right click | 376 | |
| Select / deselect | 223 | |
| Select group hotkey | 232 | |
| Use ability | 31 | |
927 total
» units
| Acolyte | 3 | |
| Ghoul | 5 | |
| Crypt Fiend | 5 | |
13 total
» upgrades
| Burrow | 1 | |
| Creature Attack | 1 | |
| Creature Carapace | 1 | |
| Web | 1 | |
4 total
» buildings
| Crypt | 1 | |
| Altar of Darkness | 1 | |
| Ziggurat | 6 | |
| Graveyard | 1 | |
| Tomb of Relics | 1 | |
| Nerubian Tower | 2 | |
| Halls of the Dead | 1 | |
| Sacrificial Pit | 1 | |
| Spirit Tower | 4 | |
| Black Citadel | 1 | |
19 total
» build order
00:31 Crypt
00:38 Altar of Darkness
00:42 Ziggurat
01:08 Graveyard
01:20 Ziggurat
01:49 Tomb of Relics
02:07 Nerubian Tower
03:45 Ziggurat
04:40 Halls of the Dead
07:02 Ziggurat
07:10 Ziggurat
07:14 Sacrificial Pit
07:21 Ziggurat
08:52 Nerubian Tower
08:53 Spirit Tower
09:01 Spirit Tower
09:02 Spirit Tower
09:46 Spirit Tower
09:59 Black Citadel
» items
| Rod of Necromancy | 1 | |
| Tiny Great Hall | 1 | |
2 total

»
lloovvee (
purple | 89 APM | 1133 actions | 12:45)
3 Death Knight
2 Death Coil
1 Unholy Aura
1 Crypt Lord
1 Impale
» actions
| Assign group hotkey | 20 | |
| Basic commands | 178 | |
| Build / train | 82 | |
| Enter build submenu | 13 | |
| Enter hero's abilities submenu | 4 | |
| Give item / drop item | 1 | |
| Right click | 411 | |
| Select / deselect | 179 | |
| Select group hotkey | 176 | |
| Use ability | 69 | |
1133 total
» units
| Acolyte | 22 | |
| Ghoul | 11 | |
| Crypt Fiend | 8 | |
41 total
» upgrades
| Creature Attack | 1 | |
| Creature Carapace | 1 | |
| Burrow | 1 | |
3 total
» buildings
| Graveyard | 1 | |
| Ziggurat | 5 | |
| Altar of Darkness | 1 | |
| Crypt | 1 | |
| Nerubian Tower | 5 | |
| Tomb of Relics | 1 | |
| Spirit Tower | 5 | |
| Halls of the Dead | 2 | |
| Black Citadel | 2 | |
| Slaughterhouse | 2 | |
25 total
» build order
00:12 Graveyard
00:15 Ziggurat
00:30 Altar of Darkness
01:03 Crypt
01:13 Nerubian Tower
01:13 Nerubian Tower
01:14 Nerubian Tower
01:14 Nerubian Tower
01:29 Ziggurat
01:43 Tomb of Relics
02:20 Spirit Tower
02:21 Spirit Tower
04:15 Halls of the Dead
04:51 Ziggurat
05:10 Ziggurat
05:44 Ziggurat
06:50 Black Citadel
08:28 Spirit Tower
08:29 Spirit Tower
11:49 Slaughterhouse
12:00 Slaughterhouse
» items
bonertown (
teal | 36 APM | 754 actions | 21:09)
4 Blademaster
2 Wind Walk
2 Critical Strike
» actions
| Assign group hotkey | 8 | |
| Build / train | 52 | |
| Enter build submenu | 45 | |
| Enter hero's abilities submenu | 4 | |
| Give item / drop item | 4 | |
| Remove unit from queue | 1 | |
| Right click | 389 | |
| Select / deselect | 149 | |
| Select group hotkey | 17 | |
| Use ability | 85 | |
754 total
» units
» upgrades
| Ranged Weapons | 1 | |
| Reinforced Defenses | 1 | |
| Spiked Barricades | 2 | |
| Burning Oil | 1 | |
5 total
» buildings
| Altar of Storms | 1 | |
| Orc Burrow | 4 | |
| Voodoo Lounge | 1 | |
| War Mill | 1 | |
| Stronghold | 1 | |
| Watch Tower | 34 | |
| Fortress | 1 | |
| Barracks | 1 | |
| Great Hall | 3 | |
47 total
» build order
00:14 Altar of Storms
00:21 Orc Burrow
00:52 Voodoo Lounge
01:32 War Mill
03:22 Stronghold
03:24 Orc Burrow
03:26 Watch Tower
03:28 Watch Tower
03:29 Watch Tower
03:31 Watch Tower
05:20 Watch Tower
05:23 Watch Tower
05:25 Watch Tower
06:17 Fortress
07:10 Watch Tower
07:14 Watch Tower
07:46 Watch Tower
07:48 Watch Tower
10:13 Barracks
10:18 Orc Burrow
11:57 Watch Tower
13:19 Watch Tower
13:23 Watch Tower
13:41 Watch Tower
13:42 Watch Tower
13:42 Watch Tower
13:43 Watch Tower
13:43 Watch Tower
14:05 Watch Tower
14:06 Watch Tower
14:06 Watch Tower
14:06 Watch Tower
14:13 Orc Burrow
14:42 Watch Tower
14:45 Watch Tower
16:22 Watch Tower
16:37 Great Hall
16:41 Watch Tower
16:43 Watch Tower
16:45 Watch Tower
16:47 Watch Tower
19:24 Great Hall
19:53 Great Hall
19:56 Watch Tower
19:58 Watch Tower
20:01 Watch Tower
20:05 Watch Tower
» items
| Healing Salve | 2 | |
| Lesser Clarity Potion | 2 | |
| Scroll of Speed | 1 | |
| Circlet of Nobility | 3 | |
| Boots of Speed | 1 | |
| Staff of Teleportation | 1 | |
| Orb of Lightning | 2 | |
12 total
Chat log
(00:11 / Allies) denix: fs grunt
(00:12 / All) AKA-PRO-G00K: 3 orc gg
(00:14 / All) AKA-PRO-G00K: rush bm
(00:29 / All) bonertown: guys b careful orange is hacker
(00:54 / All) AKA-PRO-G00K: there's a website out there where ur blacklisted if accused of hacking
(01:08 / All) FATNlGGERS: what is that?
(01:23 / All) bonertown: yea its called blacksnake.com
(01:55 / All) AKA-PRO-G00K: so jealous of yellow i can never build artistically like that
(01:58 / All) AKA-PRO-G00K: in a straight line
(03:47 / All) AKA-PRO-G00K: homo lawl
(04:00 / All) bonertown: wow hacks
(04:12 / All) AKA-PRO-G00K: make waste a salve n shit
(04:21 / All) AKA-PRO-G00K: im a jew i wont my 70g back
(05:12 / All) bonertown: u aint gettin shit but deez nutz lol lmao
(05:30 / All) AKA-PRO-G00K: i am a homosexual
(05:40 / All) FATNlGGERS: so is teal
(05:49 / All) bonertown: i am also gay
(07:00 / Allies) AKA-PRO-G00K: dk low on ahp
(07:01 / Allies) AKA-PRO-G00K: gogo
(07:02 / Allies) AKA-PRO-G00K: hit red
(09:56 / All) AKA-PRO-G00K: GAIUS JULUIS CEASAR #1
(12:26 / Allies) FATNlGGERS: wood
(12:54 / All) FATNlGGERS: WTF
(12:56 / All) AKA-PRO-G00K: fucking babies
(12:57 / All) orcing2: noob orc
(12:58 / All) FATNlGGERS: WHY DID THEY LEAVE
(13:02 / All) FATNlGGERS: are you kidding?
(13:03 / All) FATNlGGERS: what?
(13:04 / All) bonertown: fun detected
(13:05 / All) FATNlGGERS: WTF?
(13:09 / All) FATNlGGERS: dude
(13:11 / All) FATNlGGERS: WHAT
(13:15 / All) FATNlGGERS: why did they even leave? WTF?
(13:28 / All) AKA-PRO-G00K: oj the hacker basically 1v3'd them
(13:36 / All) FATNlGGERS: ......................................
(13:44 / All) FATNlGGERS: what the fuck just happened
(13:56 / Allies) denix: no workers
(13:57 / All) bonertown: lawl what a shock oj needs hacks to beat a 15 year old game
(14:05 / All) FATNlGGERS: orange is a hacker?
(14:20 / All) bonertown: yea
(14:24 / All) FATNlGGERS: what'd he do?
(14:28 / All) bonertown: so obvious lols
(14:43 / All) FATNlGGERS: wow really, what'd he do to show how he's hacking?
(14:46 / All) FATNlGGERS: orange is this true?
(14:48 / All) FATNlGGERS: Are you a hacker?
(15:15 / All) bonertown: he sent me a picture of a dick on my other monitor
(15:21 / All) AKA-PRO-G00K: wow oj
(15:22 / All) AKA-PRO-G00K: wtf
(15:26 / All) bonertown: actually maybe that was gay porn
(15:28 / All) bonertown: idk
(15:30 / All) AKA-PRO-G00K: dem burrows look mighty tasty yellow
(15:33 / All) FATNlGGERS: that's pretty hardcore hacking
(15:38 / All) FATNlGGERS: did he steal your IP address?
(15:47 / All) bonertown: yea i think so
(15:49 / All) bonertown: scumbag
(15:54 / Allies) FATNlGGERS: pink
(15:58 / Allies) FATNlGGERS: want to team up and kill the hacker?
(16:00 / Allies) FATNlGGERS: He might do it to us too
(16:02 / All) AKA-PRO-G00K: k
(16:04 / Allies) FATNlGGERS: and steal our IP addresses
(16:06 / All) AKA-PRO-G00K: hackers really need to die
(16:13 / Allies) FATNlGGERS: yeah
(16:33 / Allies) orcing2: wtf
(16:36 / Allies) FATNlGGERS: hacker down
(16:42 / All) AKA-PRO-G00K: HACKER DOWN LOL
(16:46 / Allies) orcing2: I am not a hacker
(16:53 / All) FATNlGGERS: HACKER DOWN
(16:55 / All) bonertown: lmao
(17:03 / All) AKA-PRO-G00K: a hacke would of course deny being a hacker
(17:18 / All) AKA-PRO-G00K: COMING BLUE
(17:21 / All) AKA-PRO-G00K: i mean teal lawl
(17:26 / All) AKA-PRO-G00K: blue hax too i think
(17:32 / All) FATNlGGERS: what kind of gay porn did he send you?
(17:35 / All) bonertown: clearly
(17:39 / All) FATNlGGERS: Was it a pic of a guy laying down with his cock?
(17:50 / All) FATNlGGERS: some faggot sent me that the other day throuh wc3
(17:52 / All) bonertown: yea
(17:53 / All) FATNlGGERS: a hacker I think, like orange
(17:53 / Allies) denix: ?
(17:55 / All) bonertown: big and fat too
(17:59 / All) AKA-PRO-G00K: HACKER BLUE DOWN
(18:04 / All) FATNlGGERS: He challenged me to a 1v1
(18:08 / All) FATNlGGERS: so I joined and I got a turtle cock
(18:10 / Allies) denix: can we finish this
(18:14 / Allies) FATNlGGERS: sorry blue
(18:16 / Allies) FATNlGGERS: but orange is a hacker
(18:18 / Allies) FATNlGGERS: he has to lose
(18:24 / All) bonertown: that son of a bitch must be trolling everyone the same way
(18:26 / All) AKA-PRO-G00K: speed scroll helps me too silly
(18:28 / Allies) denix: he is nt hacking
(18:30 / All) FATNlGGERS: Orange
(18:40 / All) FATNlGGERS: Have you ever challenged someone to 1v1 and hacked them by giving them gay porn?
(18:40 / Allies) denix: wtf
(18:45 / All) AKA-PRO-G00K: ill let u keep a hero blue
(18:46 / All) AKA-PRO-G00K: just one
(18:58 / All) FATNlGGERS: Orange are you there? answer us, cheater
(19:23 / Allies) denix: why the team kill?
(19:27 / Allies) FATNlGGERS: Orange is a hacker dude
(19:29 / Allies) FATNlGGERS: he has to lose
(19:42 / Allies) FATNlGGERS: I'll gladly take your base though
(19:48 / All) FATNlGGERS: thanks for the tiny hall blue, I appreciate killing an orc
(19:57 / All) FATNlGGERS: I'll use it to help kill the hacker
(20:11 / All) FATNlGGERS: I tried whispering orcing2
(20:14 / All) FATNlGGERS: That user is not logged on.
(20:36 / All) FATNlGGERS: lol
(20:40 / All) FATNlGGERS: whose team gets the loss?
(20:48 / All) AKA-PRO-G00K: we lose i say; 1 more game?
(20:50 / All) AKA-PRO-G00K: this wsa too quick
(20:52 / All) FATNlGGERS: k
(20:55 / All) FATNlGGERS: yeah lol
(20:57 / All) FATNlGGERS: I can play all night
(21:04 / All) FATNlGGERS: you leave first jake
(21:07 / All) FATNlGGERS: then I'll